Map: Oxide LE

Players

Zest

  • Race: Protoss Protoss
  • League: Master
  • Spawn Location: 1:00

RAGNAROK (SHIN) - Winner!

  • Race: Zerg Zerg
  • League: Grandmaster
  • Spawn Location: 7:00

VOD

Have the link to the VOD?

Description

Time

  • Played on: Jan. 12, 2021, 12:19 p.m.
  • Length: 9:31
Show
View Real Time Build Order
Export as new Build Order

Zest Protoss 

Build Orders: 1 Gate Expand, Oracle Opening, Zealot Archon 

Get SALT Encoding   

  12  0:00  Probe  
  13  0:12  Probe  
  14  0:19  Pylon  
  14  0:24  Probe  
  15  0:37  Probe (Chrono Boost)  
  15  0:39  Gateway  
  16  0:46  Probe (Chrono Boost)  
  16  0:49  Assimilator  
  17  0:51  Probe (Chrono Boost)  
  18  1:03  Probe  
  19  1:16  Probe  
  20  1:25  Nexus  
  20  1:35  Cybernetics Core  
  20  1:38  Probe  
  21  1:43  Assimilator  
  21  1:50  Probe  
  21  1:53  Pylon  
  22  2:02  Probe (Chrono Boost)  
  23  2:08  Adept (Chrono Boost)  
  23  2:13  Probe (Chrono Boost)  
  26  2:16  Stargate  
  26  2:18  Probe (Chrono Boost)  
  27  2:24  Warp Gate  
  27  2:28  Probe  
  28  2:32  Adept  
  30  2:38  Probe  
  30  2:40  Probe  
  32  2:50  Probe  
  32  2:51  Void Ray (Chrono Boost)  
  33  2:53  Probe  
  34  3:02  Probe  
  34  3:05  Probe  
  40  3:09  Pylon  
  40  3:12  Gateway  
  40  3:14  Probe  
  40  3:17  Probe  
  42  3:24  Oracle (Chrono Boost)  
  42  3:26  Probe  
  46  3:29  Probe  
  47  3:38  Probe  
  49  3:41  Probe  
  49  3:50  Probe (Chrono Boost), Nexus  
  49  3:51  Pylon  
  51  3:56  Probe (Chrono Boost)  
  51  3:57  Assimilator  
  51  3:59  Assimilator  
  52  4:02  Probe (Chrono Boost)  
  52  4:08  Stargate  
  52  4:09  Probe (Chrono Boost)  
  53  4:10  Probe (Chrono Boost)  
  53  4:16  Void Ray  
  54  4:17  Probe  
  54  4:19  Pylon  
  54  4:20  Probe  
  60  4:29  Probe (Chrono Boost)  
  60  4:30  Pylon  
  61  4:36  Probe (Chrono Boost)  
  62  4:41  Pylon, Probe (Chrono Boost)  
  62  4:42  Twilight Council  
  62  4:43  Forge  
  64  4:48  Probe x2 (Chrono Boost)  
  64  4:50  Shield Battery  
  65  4:56  Void Ray  
  65  4:57  Probe  
  65  4:58  Void Ray  
  65  4:59  Probe  
  67  5:05  Probe (Chrono Boost)  
  76  5:09  Probe (Chrono Boost)  
  76  5:11  Protoss Ground Weapons Level 1  
  78  5:16  Probe (Chrono Boost)  
  78  5:17  Probe (Chrono Boost)  
  78  5:18  Charge (Chrono Boost)  
  78  5:20  Assimilator  
  78  5:21  Probe (Chrono Boost)  
  80  5:24  Assimilator, Probe (Chrono Boost)  
  80  5:26  Probe (Chrono Boost)  
  80  5:27  Probe (Chrono Boost)  
  82  5:32  Probe  
  82  5:35  Probe  
  85  5:38  Pylon, Probe  
  85  5:39  Void Ray  
  85  5:40  Void Ray  
  86  5:46  Probe  
  86  5:47  Probe  
  96  5:50  Probe  
  97  5:57  Pylon  
  97  5:59  Probe  
  97  6:02  Templar Archives  
  97  6:04  Gateway  
  95  6:05  Gateway  
  95  6:06  Gateway x2  
  95  6:10  Gateway  
  95  6:15  Gateway  
  95  6:19  Gateway  
  95  6:21  Gateway  
  95  6:22  Pylon  
  95  6:27  Robotics Facility  
  94  6:43  High Templar  
  94  6:44  High Templar  
  94  6:45  Void Ray (Chrono Boost)  
  94  6:47  Void Ray (Chrono Boost)  
  98  6:50  Archon  
  98  6:53  Pylon  
  98  6:54  Shield Battery  
  98  6:56  Shield Battery  
  104  7:14  Zealot x8  
  115  7:35  Pylon  
  115  7:41  Pylon  
  100  7:47  Void Ray  
  100  7:48  Zealot x2  
  93  7:57  Zealot x2  
  101  8:03  Zealot x2  
  101  8:04  Zealot x2  
  109  8:06  Pylon  
  102  8:19  Void Ray  
  86  8:21  Zealot x5  
  86  8:24  Zealot x3, Void Ray  
  93  8:40  Nexus  
  89  8:41  Pylon  
  89  8:42  High Templar x2  
  89  8:43  High Templar x2  
  96  8:55  High Templar x2  
  96  8:59  Pylon  
  100  9:23  Zealot x5  
  96  9:26  Archon x2  
Show
View Real Time Build Order
Export as new Build Order

RAGNAROK Zerg - Winner!

Build Orders: Hatch First 

Get SALT Encoding   

  12  0:00  Drone  
  13  0:12  Overlord  
  13  0:16  Drone  
  14  0:30  Drone x2  
  16  0:41  Drone  
  17  0:51  Hatchery  
  17  0:54  Drone  
  17  0:57  Drone  
  18  1:08  Extractor  
  17  1:13  Spawning Pool  
  17  1:17  Drone  
  17  1:20  Drone  
  18  1:29  Drone  
  19  1:39  Drone  
  20  1:49  Overlord  
  20  2:02  Queen  
  20  2:04  Zergling x2, Queen  
  20  2:05  Zergling x2  
  26  2:16  Drone x2, Metabolic Boost  
  28  2:23  Drone  
  28  2:26  Drone  
  30  2:37  Hatchery  
  29  2:38  Drone  
  30  2:45  Drone  
  30  2:48  Queen  
  33  2:53  Overlord  
  33  2:56  Drone  
  33  2:58  Drone  
  35  3:00  Drone  
  37  3:12  Drone  
  37  3:13  Drone x4  
  37  3:17  Overlord  
  37  3:19  Drone  
  42  3:24  Queen  
  44  3:27  Spore Crawler  
  44  3:29  Drone  
  44  3:32  Overlord  
  44  3:38  Overlord  
  44  3:50  Zergling x4  
  44  3:51  Zergling x2  
  44  3:52  Drone x3  
  44  3:54  Queen  
  51  3:57  Drone  
  51  3:58  Drone  
  51  4:00  Spore Crawler, Drone  
  53  4:06  Drone x2  
  53  4:08  Drone  
  56  4:15  Spore Crawler  
  56  4:16  Extractor x2, Drone x4  
  56  4:19  Drone  
  56  4:21  Drone x2  
  56  4:23  Drone  
  63  4:27  Overlord  
  63  4:28  Drone  
  63  4:30  Drone x2  
  66  4:33  Lair  
  66  4:41  Overlord, Roach Warren  
  66  4:43  Extractor  
  66  4:44  Drone x2  
  66  4:45  Extractor  
  65  4:46  Drone x2  
  65  4:48  Drone  
  65  4:51  Queen  
  70  4:53  Drone  
  70  4:55  Extractor  
  70  4:58  Drone x2  
  70  5:00  Drone  
  70  5:02  Queen  
  70  5:03  Overlord  
  70  5:05  Extractor  
  72  5:08  Overlord  
  72  5:15  Overlord  
  72  5:26  Drone  
  72  5:27  Spore Crawler, Queen  
  74  5:31  Glial Reconstitution  
  74  5:32  Roach x5  
  74  5:34  Roach  
  86  5:38  Queen  
  86  5:40  Queen  
  90  5:44  Overlord  
  90  5:45  Roach x2  
  93  5:54  Roach  
  93  5:56  Overlord  
  95  6:00  Roach  
  95  6:01  Roach  
  95  6:02  Queen  
  100  6:11  Roach x3  
  106  6:13  Queen  
  106  6:16  Queen  
  110  6:19  Roach x4  
  110  6:21  Overlord  
  110  6:24  Ravager x3  
  121  6:25  Overlord  
  121  6:31  Overlord  
  121  6:37  Ravager  
  121  6:38  Ravager  
  121  6:42  Zergling x16  
  121  6:46  Ravager x6  
  135  6:48  Zergling x2, Queen  
  138  6:55  Hydralisk Den  
  137  7:03  Zergling x2  
  137  7:04  Zergling x6  
  135  7:11  Roach x2  
  136  7:18  Drone  
  136  7:19  Drone  
  136  7:20  Evolution Chamber  
  135  7:23  Overlord x2  
  135  7:27  Grooved Spines, Hydralisk x5  
  145  7:31  Overlord  
  145  7:35  Hydralisk  
  138  7:46  Hydralisk x4  
  141  7:52  Hydralisk x2  
  141  7:56  Hydralisk  
  142  8:01  Hydralisk  
  142  8:03  Hydralisk  
  139  8:07  Zergling x14  
  146  8:16  Hydralisk x3  
  133  8:21  Hydralisk  
  133  8:23  Hydralisk  
  133  8:24  Zergling x4  
  133  8:26  Zergling x2  
  138  8:28  Hydralisk  
  138  8:32  Hydralisk  
  135  8:35  Hydralisk  
  135  8:37  Zergling x6  
  123  8:41  Evolution Chamber  
  123  8:45  Zergling x10  
  126  8:53  Zergling x2  
  126  8:54  Zergling x6  
  130  8:58  Zergling x6  
  133  9:04  Hydralisk  
  133  9:05  Zergling x2  
  136  9:10  Zergling x2  
  136  9:13  Zergling x8  
Tags
 
Add a new tag
Caveats
  • Supply blocks, unpowered buildings, or Contaminate may cause inaccurate times.
  • Supply counts are checked every 10 seconds.